 Dungeon Crawl Stone Soup version 0.27-a0-1438-g9b7c6745da (webtiles) character file.

Game seed: 9696358914863537523

1197 Delamore the Fighter (level 8, -1/69 HPs)
             Began as a Formicid Fighter on July 4, 2021.
             Killed by divine providence
             ... invoked by an orc priest
              (12 damage)
             ... on level 6 of the Dungeon.
             The game lasted 00:05:37 (4995 turns).

Delamore the Fighter (Formicid Fighter)             Turns: 4995, Time: 00:05:37

Health: -1/69      AC:  9    Str: 24    XL:     8   Next: 72%
Magic:  8/8        EV: 23    Int: 11    God:
Gold:   346        SH: 10    Dex: 10    Spells: 7/7 levels left

rFire    . . .     SeeInvis +   h - +7 quarterstaff of Tortfeasance {speed, *Rage rC+ Int+4}
rCold    + . .     Faith    .   c - +1 kite shield
rNeg     . . .     Spirit   .   b - +0 scale mail
rPois    .         Reflect  .   (helmet unavailable)
rElec    .         Harm     .   (no cloak)
rCorr    .         Rampage  .   (no gloves)
Will     .....                  n - +1 pair of boots
Stlth    ..........             f - amulet of the acrobat
HPRegen  0.21/turn              k - +4 ring of slaying
MPRegen  0.11/turn              q - ring of wizardry

@: acrobatic, very slightly contaminated, studying Fighting, very slow
A: permanent stasis, dig shafts and tunnels, antennae 3, four strong arms
a: Dig, Shaft Self


You were on level 6 of the Dungeon.
You visited 1 branch of the dungeon, and saw 6 of its levels.

You collected 843 gold pieces.
You spent 497 gold pieces at shops.

Inventory:

Hand Weapons
 a - a +1 quarterstaff
 h - the +7 quarterstaff of Tortfeasance (weapon) {speed, *Rage rC+ Int+4}
   (You bought it in a shop on level 2 of the Dungeon)

   Attacks with this weapon are significantly faster.
   Int:       It affects your intelligence (+4).
   rC:        It protects you from cold.
   *Rage:     It may make you go berserk in combat.
Missiles
 u - a throwing net
Armour
 b - a +0 scale mail (worn)
 c - a +1 kite shield (worn)
 n - a +1 pair of boots (worn)
Jewellery
 f - an amulet of the acrobat (around neck)
 k - a +4 ring of slaying (left hand)
 q - a ring of wizardry (right hand)
Wands
 t - a wand of digging (6)
Scrolls
 o - a scroll of enchant armour
 p - a scroll of noise
 x - 2 scrolls of amnesia
 y - a scroll of identify
Potions
 d - a potion of might
 e - a potion of attraction
 g - a potion of magic {unknown}
 i - 2 potions of haste
 j - a potion of berserk rage {unknown}
 l - 2 potions of heal wounds {unknown}
 m - a potion of brilliance {unknown}
 r - 2 potions of invisibility
 s - a potion of lignification {unknown}
 v - 2 potions of cancellation {unknown}
 w - a potion of curing


   Skills:
 + Level 8.5 Fighting
 * Level 8.3 Staves
 - Level 3.2 Armour
 - Level 3.6 Shields


You had 7 spell levels left.
You didn't know any spells.
Your spell library contained the following spells:

 Spells                   Type           Power      Damage    Failure   Level
 Apportation              Tloc           0%         N/A       69%         1
 Stone Arrow              Conj/Erth      0%         3d7       96%         3
 Alistair's Intoxication  Tmut/Pois      0%         N/A       100%        5
 Bolt of Magma            Conj/Fire/Erth 0%         4d4       100%        5
 Invisibility             Hex            0%         N/A       100%        6
 Shatter                  Erth           0%         3d5*      100%        9


Dungeon Overview and Level Annotations

Branches:
Dungeon (6/15)             Temple (0/1) D:6

Altars:
Okawaru
Wu Jian

Shops:
D:1 *   D:2 (*[?*   D:4 :[:   D:5 *


Innate Abilities, Weirdness & Mutations

You cannot be hasted, slowed, berserked, paralysed or teleported.
You can dig through walls and to a lower floor.
You have a pair of large antennae on your head. (SInv)
Your four strong arms can wield two-handed weapons with a shield.


Message History

The adder hisses angrily.
Found a faded altar of an unknown god.
You feel better.
You hear an angry hiss.
You hear a shout!
The gnoll sergeant barely misses you.
A gnoll comes into view. It is wielding a +0 spear.
The gnoll shouts!
You retract your mandibles.
The orc priest mumbles some strange prayers to Beogh against you.
Beogh smites you!
* * * LOW HITPOINT WARNING * * *
Found 18 stones.
You fade into invisibility!
You are very lightly contaminated with residual magic.
An iguana comes into view.
The iguana hisses angrily.
A gnoll comes into view. It is wielding a +0 whip.
Found a scroll of identify.
An adder comes into view.
The adder hisses angrily.
Found 9 gold pieces.
Found an escape hatch in the floor.
The adder hisses angrily.
The adder hisses angrily.
You block the adder's attack. The adder closely misses you.
Found a staircase to the Ecumenical Temple.
You flicker for a moment.
The adder completely misses you. The adder misses you.
You block the adder's attack.
You enter the shallow water.
Moving in this stuff is going to be slow. ...and don't expect to remain undetected.
The adder misses you.
You flicker back into view.
The orc priest casts a cantrip, but nothing happens.
The adder barely misses you.
The orc priest invokes the aid of Beogh against you.
Beogh smites you!
You die...

....... ... ...........
####.........
...#......#.#### #
.........§§§..#
..###......≈§§§≈.#
..........≈§§≈§§§###
.........S§S@>§§§...
....##...#g≈§≈§§§...
.....#.........≈§§≈≈.##.
l....#..........≈≈§...#
..........go#......#....
.........##.#>..........
#.....#####...$.........
#....#####{..?..........
#..#.#.{#..............


You could see 2 gnoll sergeants, an orc priest and 2 adders.

Vanquished Creatures
  Menkaure (D:5)
  2 water moccasins (D:5)
  A black bear (D:2)
  An orc warrior (D:5)
  3 phantoms
  A gnoll sergeant (D:5)
  A scorpion (D:5)
  A hound (D:4)
  2 orc priests
  A centaur skeleton (D:5)
  An iguana (D:5)
  Ijyb (D:4)
  An orc wizard (D:5)
  A hound skeleton (D:4)
  4 gnolls
  2 adders
  An adder skeleton (D:4)
  2 dart slugs
  6 orcs
  10 ball pythons
  8 endoplasms
  A giant cockroach (D:2)
  7 goblins
  5 hobgoblins
  3 jackals (D:3)
  4 quokkas
  6 bats
  7 frilled lizards
  6 kobolds
  6 rats
96 creatures vanquished.

Notes
Turn   | Place    | Note
-------+----------+-------------------------------------------
     0 | D:1      | Delamore the Formicid Fighter began the quest for the Orb.
     0 | D:1      | Reached XP level 1. HP: 18/18 MP: 1/1
   135 | D:1      | Reached XP level 2. HP: 24/24 MP: 2/2
   205 | D:1      | Found Maahell's Assorted Antiques.
   471 | D:1      | Reached XP level 3. HP: 30/30 MP: 3/3
   741 | D:1      | Identified a scroll of acquirement
   741 | D:1      | Acquired 648 gold pieces
   748 | D:1      | Bought a dented brass amulet for 115 gold pieces
   748 | D:1      | Bought a scroll labelled UMOF GISMI for 23 gold pieces
   748 | D:1      | Bought a scroll labelled KUERRO GABBA for 23 gold pieces
   748 | D:1      | Bought a sapphire potion for 20 gold pieces
   748 | D:1      | Bought a fuming coppery potion for 20 gold pieces
   878 | D:2      | Found Wigyphegu's Assorted Antiques.
   896 | D:2      | Bought a scroll labelled XEDULA UGUXAON for 23 gold pieces
   896 | D:2      | Bought a scroll labelled TODOANUTUD for 23 gold pieces
   896 | D:2      | Bought a glowing coppery potion for 20 gold pieces
  1035 | D:2      | Found Iphinnog's Assorted Antiques.
  1074 | D:2      | Bought a twisted quarterstaff for 216 gold pieces
  1074 | D:2      | Identified the +7 quarterstaff of Tortfeasance {speed,
                  | *Rage rC+ Int+4} (You bought it in a shop on level 2 of the
                  | Dungeon)
  1105 | D:2      | Noticed a black bear
  1110 | D:2      | Killed a black bear
  1111 | D:2      | Reached XP level 4. HP: 30/38 MP: 4/4
  1111 | D:2      | Reached XP level 5. HP: 34/43 MP: 5/5
  1183 | D:2      | Found Racletor's Magic Scroll Shop.
  1194 | D:2      | Bought a scroll of noise for 14 gold pieces
  1223 | D:2      | Found Ruahus's Antique Armour Boutique.
  1511 | D:2      | Found Vyvaxtah's Antique Weapon Emporium.
  2013 | D:3      | Reached XP level 6. HP: 42/49 MP: 6/6
  2149 | D:3      | Found a faded altar of an unknown god.
  2486 | D:4      | Noticed Ijyb
  2503 | D:4      | Killed Ijyb
  2504 | D:4      | Reached skill level 5 in Staves
  2614 | D:4      | Reached skill level 5 in Fighting
  2825 | D:4      | Found Geucah's Book Shop.
  3086 | D:4      | Acquired a manual of Fighting
  3092 | D:4      | Found Reant's Antique Armour Boutique.
  3094 | D:4      | Found Poisot's Book Emporium.
  3557 | D:4      | Found an iron altar of Okawaru.
  3754 | D:5      | Entered Level 5 of the Dungeon
  3792 | D:5      | Reached XP level 7. HP: 56/56 MP: 7/7
  3868 | D:5      | Identified the +2 leather armour "Immaegg" {rF+ rC+ Str+3
                  | Int-2}
  4180 | D:5      | Reached XP level 8. HP: 67/67 MP: 8/8
  4402 | D:5      | Found Maihiv's Neck Hole.
  4416 | D:5      | Noticed Menkaure
  4423 | D:5      | Killed Menkaure
  4690 | D:5      | Found an ornate altar of the Wu Jian Council.
  4971 | D:6      | Found a faded altar of an unknown god.
  4988 | D:6      | Found a staircase to the Ecumenical Temple.
  4995 | D:6      | Killed from afar by an orc priest

Illustrated notes

Levels and vault maps discovered:
D:1:      psy_arrival_spokes, layout_rooms, serial_shops, shop
D:2:      layout_basic, serial_shops, shop, nicolae_square_shop,
          nicolae_square_shop, shop, shop_statue
D:3:      layout_basic, serial_rivers, chequers_serial_rivers_small_a,
          chequers_serial_rivers_small_3, chequers_serial_rivers_large_a,
          chequers_serial_rivers_small_b, chequers_serial_rivers_micro_e,
          basic_ecumenical_altar
D:4:      layout_layer_cave, kennysheep_little_box, serial_shops,
          shop_fountains, shop, nicolae_shop_behind_doors, serial_glass,
          glass_columns_b, glass_columns_b, uniq_ijyb
D:5:      layout_basic, pdpol_wu_jian_five_deadly_venoms,
          nicolae_shop_sticking_my_neck_out, uniq_menkaure
D:6:      layout_cave_pools, nicolae_overflow_crystal_walls,
          minmay_temple_entry_mist, serial_column_ruins,
          column_ruins_temple_hut, column_ruins_open_medium,
          column_ruins_open_small_water, column_ruins_open_tiny,
          column_ruins_open_tiny

Skill      XL: |  1  2  3  4  5  6  7  8 |
---------------+-------------------------+-----
Staves         | 4 5 7 8 |  8.3
Fighting       | 4 5 7 8 |  8.5
Armour         | |  3.2
Shields        | |  3.6

Action                   |  1- 3 |  4- 6 |  7- 9 || total
-------------------------+-------+-------+-------++-------
Melee: Quarterstaff      |    97 |    84 |    73 ||   254
 Abil: Dig               |     1 |     2 |     3 ||     6
  Use: Scroll            |     9 |     4 |     2 ||    15
       Potion            |       |       |     2 ||     2
Armor: Scale mail        |    39 |     9 |    15 ||    63
Dodge: Dodged            |    25 |    27 |    22 ||    74
Block: Kite shield       |    50 |    36 |    22 ||   108

Table legend: (Time is in decaauts)
 A = Elapsed time spent in this place.
 B = Non-inter-level travel time spent in this place.
 C = Inter-level travel time spent in this place.
 D = Time resting spent in this place.
 E = Time spent auto-exploring this place.
 F = Levels seen in this place.
 G = Mean time per level.
                   A        B        C        D        E       F      G
               +--------+--------+--------+--------+--------+-----+--------+
         Total |   5021 |   4820 |    201 |    259 |   3920 |   6 |  836.8 |
       Dungeon |   5021 |   4820 |    201 |    259 |   3920 |   6 |  836.8 |
               +--------+--------+--------+--------+--------+-----+--------+

Top non-repeatable levels by time:
     D:4: 1287 daAuts
     D:5: 1188 daAuts
     D:2: 873 daAuts
     D:3: 827 daAuts
     D:1: 805 daAuts
     D:6: 38 daAuts
